 Dungeon Crawl Stone Soup version 0.19.3-4-gbf9329e (webtiles) character file.

16425 esteth the Spear-Bearer (level 12, -6/98 HPs)
             Began as a Merfolk Gladiator on Jan 28, 2017.
             Was a High Priest of Makhleb.
             Engulfed by a smoke demon's steam (9 damage)
             ... summoned by the player character
             ... on level 11 of the Dungeon.
             The game lasted 00:39:29 (13958 turns).

esteth the Spear-Bearer (Merfolk Gladiator)        Turns: 13958, Time: 00:39:30

Health: -6/98      AC: 13    Str: 16    XL:     12   Next: 37%
Magic:  21/21      EV: 17    Int:  9    God:    Makhleb [*****.]
Gold:   800        SH:  0    Dex: 17    Spells: 1 memorised, 9 levels left

rFire  . . .     SeeInvis .     a - +2 trident (freeze)
rCold  . . .     Gourm    .     Z - +1 mottled dragon scales
rNeg   . . .     Faith    .     (no shield)
rPois  .         Spirit   .     A - +1 helmet
rElec  .         Reflect  .     V - +2 cloak {+Inv}
rCorr  +         Harm     .     P - +0 pair of gloves
MR     +....                    (no boots)
Stlth  +.........               (no amulet)
                                w - ring of protection from magic
                                y - ring of resist corrosion

@: no status effects
A: change form in water, swift swim, stealthy swim
a: Minor Destruction, Lesser Servant of Makhleb, Major Destruction, Greater
Servant of Makhleb, Renounce Religion, Evoke Invisibility


You were on level 11 of the Dungeon.
You worshipped Makhleb.
Makhleb was extremely pleased with you.
You were not hungry.

You visited 2 branches of the dungeon, and saw 13 of its levels.
You also visited: Ossuary.

You collected 896 gold pieces.
You spent 96 gold pieces at shops.

Inventory:

Hand Weapons
 a - a +2 trident of freezing (weapon)
Missiles
 d - 6 throwing nets (quivered)
Armour
 A - a +1 helmet (worn)
 H - the +18 shield of the Gong {rElec rN+ MR+ EV-5}
   (You found it on level 10 of the Dungeon)

   It affects your evasion (-5).
   It insulates you from electricity.
   It protects you from negative energy.
   It affects your resistance to hostile enchantments.
 P - a +0 pair of gloves (worn)
 V - a +2 cloak of invisibility (worn)
 Z - +1 mottled dragon scales (worn)
Jewellery
 e - an uncursed ring of protection from magic
 m - an uncursed ring of protection from fire
 v - an uncursed ring of flight
 w - a ring of protection from magic (right hand)
 y - a ring of resist corrosion (left hand)
 I - an uncursed ring of protection from fire
Wands
 o - a wand of heal wounds (0/9)
 z - a wand of flame (19/48)
 O - a wand of hasting (2/9)
 U - a wand of polymorph (16/24)
 Y - a wand of iceblast (7/15)
Scrolls
 i - a scroll of recharging
 j - 9 scrolls of identify
 k - 5 scrolls of teleportation
 n - a scroll of blinking
 r - 2 scrolls of remove curse
 s - 3 scrolls of magic mapping
 x - 4 scrolls of amnesia
 J - 2 scrolls of fear
Potions
 g - 2 potions of ambrosia
 l - 5 potions of curing
 p - a potion of magic {unknown}
 q - 2 potions of might {unknown}
 t - a potion of flight {unknown}
 u - 2 potions of cure mutation {unknown}
 B - 6 potions of degeneration {unknown}
 C - 2 potions of mutation {unknown}
 D - 3 potions of agility {unknown}
 E - 2 potions of haste {unknown}
 F - a potion of invisibility {unknown}
 G - 2 potions of heal wounds {unknown}
 K - a potion of beneficial mutation {unknown}
 M - 2 potions of lignification {unknown}
 T - a potion of brilliance {unknown}
Books
 b - a book of Minor Magic

   Spells                             Type                      Level
   a - Magic Dart                     Conjuration                  1
   b - Blink                          Translocation                2
   c - Call Imp                       Summoning                    2
   d - Repel Missiles                 Charms/Air                   2
   e - Slow                           Hexes                        2
   f - Conjure Flame                  Conjuration/Fire             3
   g - Mephitic Cloud                 Conjuration/Poison/Air       3
Comestibles
 f - 10 bread rations
 h - 12 meat rations
 L - 9 beef jerkies
 N - a slice of pizza
 R - a royal jelly
 S - 5 fruits


   Skills:
 - Level 10.4 Fighting
 - Level 14.0 Polearms
 - Level 2.3 Throwing
 - Level 8.6 Dodging
 - Level 6.0 Translocations
 + Level 12.0 Invocations


You had 9 spell levels left.
You knew the following spells:

 Your Spells              Type           Power        Failure   Level  Hunger
a - Blink                 Tloc           N/A          10%         2    ###....


Dungeon Overview and Level Annotations

Branches:
Dungeon (12/15)            Temple (0/1) D:7            Lair (1/6) D:11
    Orc (0/2) D:9

Altars:
Ashenzari
Cheibriados
Dithmenos
Makhleb
Okawaru
Trog
Uskayaw
Jiyva
Lugonu

Shops:
D:4 !

Annotations:
D:6 Sigmund
D:12 exclusions: door and slime creature


Message History

Evoke which item? (* to show all) (? for menu, Esc to quit)
Zapping:
o - a wand of heal wounds (1/9)
Press: ? - help, Shift-Dir - straight line, f - you You feel much better.
This wand has 0 charges left.
The yak misses you. The komodo dragon bites you!
* * * LOW HITPOINT WARNING * * *
A demon appears!
The yak closely misses you.
The komodo dragon bites you but does no damage.
The yak gores you!
* * * LOW HITPOINT WARNING * * *
You feel better. The yak gores you!
* * * LOW HITPOINT WARNING * * *
The komodo dragon bites you.
* * * LOW HITPOINT WARNING * * *
Your smoke demon gestures at the komodo dragon.
The ball of steam hits the komodo dragon.
The komodo dragon is engulfed in a cloud of scalding steam.
The komodo dragon bites your smoke demon.
You are engulfed in a cloud of scalding steam.
You die...

......................<..# #...
.........................#####..#
................................#
..........>.....................#
....................###..........
.............3......# #..........
...##.........l.....###..........
..#..#.........§.§......[........
.##.##........Y§@§..............(
##.#............§§...............
...#.##...........§..............
###..#.#........#.#....####......
######.#......##.....###.......
##..########.###.##......# #.##.#
####...##..##.# ##.###
##>######### ### ###


You could see a komodo dragon and a yak.

Vanquished Creatures
  Josephine (D:11)
  A centaur warrior (D:11)
  2 hill giants (D:12)
  Maurice (D:11)
  3 kobold demonologists (D:10)
  A komodo dragon (D:10)
  2 hornets (D:9)
  A two-headed ogre (D:11)
  A slime creature (D:10)
  A wyvern (D:8)
  3 wraiths (D:11)
  Eustachio (D:6)
  Grum (D:10)
  21 yaks
  A hungry ghost (D:9)
  A steam dragon (D:11)
  Menkaure (D:4)
  2 wargs (D:9)
  A mottled dragon (D:11)
  Edmund (D:4)
  A water moccasin (Lair:1)
  4 orc warriors
  2 ice beasts
  4 sky beasts
  2 necrophages
  9 ogres
  7 centaurs
  4 wolves
  A crocodile (D:11)
  3 big kobolds
  A gnoll sergeant (D:8)
  7 bullfrogs
  3 elf skeletons (D:5)
  2 wyvern skeletons
  A water moccasin zombie (D:7)
  2 scorpions
  5 howler monkeys
  8 wights
  4 crimson imps
  2 bullfrog zombies
  3 hounds
  2 human zombies (D:5)
  A gnoll shaman (D:5)
  6 jellies
  4 orc priests
  7 orc wizards
  A bullfrog skeleton (D:6)
  Jessica (D:2)
  5 human skeletons (D:5)
  8 worker ants
  An iguana (D:11)
  Terence (D:2)
  A killer bee zombie (D:8)
  A hound skeleton (D:4)
  8 mummies (Ossuary)
  A worker ant zombie (D:5)
  Robin (D:3)
  8 gnolls
  A howler monkey skeleton (D:7)
  11 adders
  2 shadow imps
  2 oozes
  2 adder skeletons
  An adder zombie (D:9)
  2 worms
  5 leopard geckos
  30 orcs
  2 ball pythons
  4 giant cockroaches
  21 goblins
  14 hobgoblins
  10 jackals
  18 kobolds
  4 quokkas
  A bat (D:1)
  5 frilled lizards
  A gnoll zombie (Ossuary)
  3 hobgoblin zombies (Ossuary)
  A kobold zombie (Ossuary)
  A leopard gecko skeleton (D:9)
  4 orc zombies
  4 rats
328 creatures vanquished.

Vanquished Creatures (collateral kills)
  2 tengu warriors (D:12)
  A hornet (D:10)
  2 yaks
  A wraith (D:11)
  A scorpion (D:12)
7 creatures vanquished.

Grand Total: 335 creatures vanquished

Notes
Turn   | Place    | Note
-------+----------+-------------------------------------------
     0 | D:1      | esteth the Merfolk Gladiator began the quest for the Orb.
     0 | D:1      | Reached XP level 1. HP: 16/16 MP: 1/1
    89 | D:1      | Reached XP level 2. HP: 23/23 MP: 2/2
   725 | D:1      | Reached XP level 3. HP: 28/28 MP: 3/3
   737 | D:2      | Noticed Jessica
   741 | D:2      | Killed Jessica
   741 | D:2      | Reached skill level 5 in Polearms
   748 | D:2      | Noticed Terence
   757 | D:2      | Killed Terence
   757 | D:2      | Reached skill level 6 in Polearms
   757 | D:2      | Reached XP level 4. HP: 33/34 MP: 4/4
   884 | D:2      | Reached skill level 7 in Polearms
  1042 | D:2      | Found a hide-covered altar of Uskayaw.
  1042 | D:2      | Found a burning altar of Makhleb.
  1064 | D:2      | Became a worshipper of Makhleb the Destroyer
  1190 | D:2      | Reached XP level 5. HP: 39/39 MP: 5/5
  1637 | D:3      | Noticed Robin
  1638 | D:3      | Reached * piety under Makhleb
  1648 | D:3      | Killed Robin
  1648 | D:3      | Reached skill level 8 in Polearms
  1759 | D:3      | Found a bloodstained altar of Trog.
  1848 | D:4      | Noticed Menkaure
  1863 | D:4      | Killed Menkaure
  1863 | D:4      | Reached skill level 9 in Polearms
  1863 | D:4      | Reached XP level 6. HP: 35/46 MP: 6/6
  2057 | D:4      | Found Cuesa's Distillery.
  2102 | D:4      | Bought a potion of curing for 36 gold pieces
  2102 | D:4      | Bought a potion of berserk rage for 60 gold pieces
  2221 | D:4      | Noticed Edmund
  2242 | D:4      | Killed Edmund
  2242 | D:4      | Reached skill level 10 in Polearms
  2242 | D:4      | Reached XP level 7. HP: 41/51 MP: 7/7
  2600 | D:5      | Entered Level 5 of the Dungeon
  2636 | D:5      | Reached skill level 11 in Polearms
  2819 | D:5      | Found a sand-covered staircase.
  2829 | D:5      | Reached skill level 12 in Polearms
  2833 | Ossuary  | Entered an ossuary
  2870 | Ossuary  | Reached ** piety under Makhleb
  2887 | Ossuary  | Reached XP level 8. HP: 57/57 MP: 8/8
  3292 | D:5      | Reached skill level 13 in Polearms
  3619 | D:5      | Reached skill level 14 in Polearms
  3700 | D:5      | Found a snail-covered altar of Cheibriados.
  3968 | D:6      | Noticed a yak
  3968 | D:6      | Noticed a yak
  3969 | D:6      | Noticed a yak
  3969 | D:6      | Noticed a yak
  3991 | D:6      | Noticed a yak
  3992 | D:6      | Killed a yak
  3993 | D:6      | Noticed a yak
  4185 | D:4      | Killed a yak
  4185 | D:4      | Reached skill level 5 in Fighting
  4185 | D:4      | Reached XP level 9. HP: 38/69 MP: 9/9
  4364 | D:6      | Noticed Eustachio
  4691 | D:6      | Killed Eustachio
  5096 | D:6      | Reached skill level 5 in Invocations
  5205 | D:6      | Noticed Sigmund
  5247 | D:6      | Found an iron altar of Okawaru.
  5867 | D:6      | Learned a level 2 spell: Blink
  6075 | D:6      | Reached skill level 1 in Translocations
  6325 | D:7      | Reached *** piety under Makhleb
  6379 | D:7      | Reached XP level 10. HP: 66/79 MP: 14/14
  6423 | D:7      | Found a staircase to the Ecumenical Temple.
  6665 | D:8      | Found a shadowy altar of Dithmenos.
  6989 | D:8      | Reached skill level 5 in Translocations
  7494 | D:8      | Reached **** piety under Makhleb
  7742 | D:9      | Reached skill level 5 in Dodging
  8356 | D:9      | Found a shattered altar of Ashenzari.
  8433 | D:9      | Reached XP level 11. HP: 74/85 MP: 15/15
  8625 | D:9      | Found a staircase to the Orcish Mines.
  9097 | D:10     | Entered Level 10 of the Dungeon
  9134 | D:10     | Reached ***** piety under Makhleb
  9247 | D:10     | Noticed Grum
  9501 | D:10     | Killed Grum
  9640 | D:10     | Reached skill level 10 in Fighting
  9862 | D:10     | Found Zoyng's Jewellery Shop.
 10384 | D:10     | Found a viscous altar of Jiyva.
 10561 | D:10     | Found a corrupted altar of Lugonu.
 11946 | D:11     | Noticed a centaur warrior
 11989 | D:11     | Killed a centaur warrior
 12139 | D:11     | Found a staircase to the Lair.
 12153 | D:11     | Noticed Josephine
 12168 | D:11     | Killed Josephine
 12168 | D:11     | Reached skill level 10 in Invocations
 12184 | D:11     | Reached XP level 12. HP: 60/98 MP: 19/19
 12451 | D:11     | Noticed Maurice
 12475 | D:11     | Killed Maurice
 13653 | D:12     | Noticed a tengu warrior
 13653 | D:12     | Noticed a tengu warrior
 13659 | D:12     | Killed a tengu warrior
 13664 | D:12     | Killed a tengu warrior
 13871 | Lair:1   | Entered Level 1 of the Lair of Beasts
 13952 | D:11     | HP: 2/98 [yak (8)]
 13958 | D:11     | Engulfed by a smoke demon's steam

Skill      XL: |  1  2  3  4  5  6  7  8  9 10 11 12 |
---------------+-------------------------------------+-----
Polearms       | 6 7 9 10 12 14 | 14.0
Fighting       | 5 7 8 10 | 10.4
Invocations    | 5 10 12 | 12.0
Translocations | 2 6 |  6.0
Dodging        | 8 |  8.6
Throwing       | |  2.3

Action                   |  1- 3 |  4- 6 |  7- 9 | 10-12 || total
-------------------------+-------+-------+-------+-------++-------
Melee: Trident           |    70 |   214 |   643 |   985 ||  1912
Invok: Minor Destruction |       |       |     1 |       ||     1
       Lesser Servant of |       |       |       |     3 ||     3
       Major Destruction |       |       |       |     3 ||     3
       Greater Servant o |       |       |       |     1 ||     1
Evoke: Wand              |       |       |       |     5 ||     5
  Use: Scroll            |       |     8 |     9 |     4 ||    21
       Potion            |       |     2 |     3 |     1 ||     6
 Stab: Sleeping          |     1 |     1 |     4 |       ||     6
       Distracted        |       |     1 |     1 |       ||     2
  Eat: Chunk             |       |     4 |    14 |    22 ||    40
       Bread ration      |       |       |       |     1 ||     1
Armor: Leather armour    |     9 |    30 |    84 |       ||   123
       Scale mail        |       |       |    19 |   224 ||   243
       Mottled dragon sc |       |       |       |    45 ||    45
Dodge: Dodged            |    33 |   106 |   218 |   455 ||   812
